 Dungeon Crawl Stone Soup version 0.28-a0-773-g130ae17fe5 (webtiles) character file.

Game seed: 2347117777789296770

2081 bande the Chopper (level 9, -4/55 HPs)
             Began as a Gargoyle Fighter on Nov 2, 2021.
             Was a Follower of Okawaru.
             Slain by an orc warrior (14 damage)
             ... on level 8 of the Dungeon.
             The game lasted 00:12:48 (9511 turns).

bande the Chopper (Gargoyle Fighter)                Turns: 9511, Time: 00:12:48

Health: -4/55      AC: 18    Str: 21    XL:     9   Next: 27%
Magic:  9/9        EV:  8    Int:  9    God:    Okawaru [*.....]
Gold:   892        SH: 11    Dex: 17    Spells: 8/8 levels left

rFire   . . .      SeeInvis .   a - +0 war axe
rCold   . . .      Faith    .   c - +0 buckler
rNeg    + + .      Spirit   .   i - +0 chain mail
rPois   ∞          Reflect  +   (no helmet)
rElec   +          Harm     .   e - +1 cloak
rCorr   .          Rampage  .   (no gloves)
Will    .....                   (no boots)
Stlth   ..........              f - amulet of reflection
HPRegen 0.18/turn               g - ring of positive energy
MPRegen 0.11/turn               b - +6 ring of dexterity

@: no status effects
A: sickness immunity, AC +6, negative energy resistance 1, electricity
resistance, torment resistance 1, petrification resistance
a: Renounce Religion, Heroism


You were on level 8 of the Dungeon.
You worshipped Okawaru.
Okawaru was aware of your devotion.
You visited 2 branches of the dungeon, and saw 9 of its levels.

You collected 980 gold pieces.
You spent 88 gold pieces at shops.

Inventory:

Hand Weapons
 a - a +0 war axe (weapon)
 o - a +0 vorpal broad axe
 t - the +5 trident of Dust {flame, rF+ Int+2 Dex-2}
   (You found it on level 6 of the Dungeon)

   It burns those it strikes, dealing additional fire damage.
   Int:       It affects your intelligence (+2).
   Dex:       It affects your dexterity (-2).
   rF:        It protects you from fire.
Armour
 c - a +0 buckler (worn)
 e - a +1 cloak (worn)
 i - a +0 chain mail (worn)
Jewellery
 b - a +6 ring of dexterity (right hand)
 f - an amulet of reflection (around neck)
 g - a ring of positive energy (left hand)
Wands
 l - a wand of digging (8)
 v - a wand of iceblast (10)
Scrolls
 n - 4 scrolls of teleportation
 q - a scroll of blinking {unknown}
 s - a scroll of amnesia
 w - a scroll of identify
 y - 2 scrolls of fear {unknown}
 z - a scroll of holy word {unknown}
 A - a scroll of summoning {unknown}
Potions
 d - 2 potions of might
 h - a potion of haste
 j - 2 potions of ambrosia
 k - a potion of brilliance
 m - a potion of curing
 p - 3 potions of attraction {unknown}
 r - 3 potions of heal wounds
 u - a potion of magic {unknown}
 x - a potion of invisibility


   Skills:
 + Level 5.8 Fighting
 + Level 7.2 Axes
 + Level 6.3 Armour
 + Level 6.4 Shields
 * Level 0.3 Invocations
 * Level 3.0 Evocations


You had 8 spell levels left.
You didn't know any spells.
Your spell library contained the following spells:

 Spells                   Type           Power      Damage    Failure   Level
 Ensorcelled Hibernation  Hex/Ice        0%         N/A       99%         2
 Gell's Gravitas          Tloc           0%         N/A       100%        3
 Ignite Poison            Fire/Tmut/Pois 0%         N/A       100%        3
 Lesser Beckoning         Tloc           0%         N/A       100%        3
 Mephitic Cloud           Conj/Pois/Air  0%         N/A       100%        3
 Teleport Other           Tloc           0%         N/A       100%        3
 Freezing Cloud           Conj/Ice/Air   0%         6-21      100%        5
 Animate Skeleton         Necr           Unusable   N/A       N/A         1
 Tukima's Dance           Hex            Unusable   N/A       N/A         3

Dungeon Overview and Level Annotations

Branches:
Dungeon (8/15)             Temple (1/1) D:6
   Lair: D:8-11

Altars:
Cheibriados
Dithmenos
Gozag
Kikubaaqudgha
Makhleb
Nemelex Xobeh
Okawaru
Qazlal
Ru
Sif Muna
Vehumet
Zin

Shops:
D:6 *


Innate Abilities, Weirdness & Mutations

You are immune to sickness and miasma.
Your stone body is resilient. (AC +6)
You are immune to poison.
You resist negative energy. (rN+)
You are resistant to electric shocks. (rElec)
You are resistant to unholy torment.
You are immune to petrification.


Message History

You slash the orc priest! The orc warrior barely misses you.
The orc priest hits you but does no damage.
Unknown command.
You closely miss the orc warrior.
The orc warrior is severely wounded.
You closely miss the orc priest.
The orc warrior hits you with a +0 dire flail.
The orc priest hits you but does no damage.
Unknown command.
You closely miss the orc warrior.
The orc warrior is severely wounded.
Your chain mail prevents you from hitting the orc priest.
You block the orc warrior's attack.
The orc priest calls upon Beogh to heal the orc warrior.
The orc warrior is healed somewhat.
The orc warrior hits you with a +0 dire flail.
You barely miss the orc warrior.
The orc warrior is heavily wounded.
You barely miss the orc priest.
The orc priest calls upon Beogh to heal the orc warrior.
The orc warrior is healed somewhat.
The orc warrior hits you with a +0 dire flail!
* * * LOW HITPOINT WARNING * * *
You hit the orc warrior.
The orc warrior is heavily wounded.
You hit the orc priest but do no damage.
You block the orc priest's attack.
The orc warrior hits you with a +0 dire flail.
* * * LOW HITPOINT WARNING * * *
The orc priest hits you but does no damage.
You closely miss the orc warrior.
The orc warrior is heavily wounded.
You hit the orc priest.
You kill the orc priest!
Okawaru accepts your kill. You block the orc warrior's attack.
You hit the orc warrior.
The orc warrior is severely wounded.
The orc warrior hits you with a +0 dire flail!
You die...

## ## ##. .#
..#>#
#.##...######
#...)o)......
#@### #.#..
#.#.# #.#.#
#.#.######
#........#
###.####.# #.#
#.#
#.####.#####.#


You could see an orc warrior.

Vanquished Creatures
  A water moccasin (D:6)
  An ice beast (D:6)
  A sky beast (D:6)
  2 black bears
  A necrophage (D:5)
  2 centaurs (D:6)
  A phantom (D:5)
  A kobold brigand (D:6)
  Blork the orc (D:5)
  A scorpion (D:6)
  A wyvern skeleton (D:6)
  2 howler monkeys
  A centaur zombie (D:7)
  A bullfrog zombie (D:7)
  3 hounds (D:4)
  3 orc priests
  A gnoll shaman (D:6)
  Ijyb (D:3)
  2 bullfrog skeletons
  A centaur skeleton (D:7)
  Natasha (thrice) (D:3)
  4 iguanas (D:6)
  5 orc wizards
  2 hound skeletons (D:5)
  6 gnolls
  A howler monkey skeleton (D:4)
  8 adders
  An ufetubus (D:6)
  A worm (D:3)
  5 dart slugs
  7 orcs
  7 endoplasms
  8 giant cockroaches
  9 goblins
  7 hobgoblins
  2 jackals (D:2)
  16 kobolds
  5 quokkas
  6 ball pythons
  5 bats
  3 frilled lizards
  5 rats
144 creatures vanquished.

Notes
Turn   | Place    | Note
-------+----------+-------------------------------------------
     0 | D:1      | bande the Gargoyle Fighter began the quest for the Orb.
     0 | D:1      | Reached XP level 1. HP: 14/14 MP: 1/1
    78 | D:1      | Reached XP level 2. HP: 4/19 MP: 2/2
   585 | D:1      | Reached skill level 2 in Axes
   856 | D:1      | Reached XP level 3. HP: 24/24 MP: 3/3
  2073 | D:2      | Found a faded altar of an unknown god.
  2198 | D:2      | Identified a scroll of acquirement
  2198 | D:2      | Acquired 746 gold pieces
  2617 | D:3      | Reached XP level 4. HP: 29/29 MP: 4/4
  2623 | D:3      | Found a sacrificial altar of Ru.
  2960 | D:3      | Reached skill level 3 in Axes
  3103 | D:3      | Noticed Natasha
  3106 | D:3      | Noticed Ijyb
  3114 | D:3      | Killed Natasha
  3115 | D:3      | Reached XP level 5. HP: 18/33 MP: 5/5
  3123 | D:3      | Killed Ijyb
  3542 | D:3      | Noticed Natasha
  3555 | D:3      | Killed Natasha
  3700 | D:3      | Noticed Natasha
  3712 | D:3      | Killed Natasha
  4034 | D:4      | Found an opulent altar of Gozag.
  4082 | D:4      | Reached XP level 6. HP: 18/38 MP: 6/6
  4354 | D:4      | Reached skill level 4 in Axes
  5240 | D:4      | Found an ancient bone altar of Kikubaaqudgha.
  5240 | D:4      | Found a shimmering blue altar of Sif Muna.
  5242 | D:4      | Found a radiant altar of Vehumet.
  5245 | D:4      | Got Kikubaaqudgha's Tome of Evil Arts
  5305 | D:4      | Reached XP level 7. HP: 43/44 MP: 7/7
  5314 | D:4      | Reached skill level 5 in Armour
  5411 | D:4      | Found a burning altar of Makhleb.
  5482 | D:4      | Reached skill level 5 in Axes
  5482 | D:4      | Reached skill level 5 in Shields
  5554 | D:4      | Found a sparkling altar of Nemelex Xobeh.
  5666 | D:4      | Noticed an Executioner
  5669 | D:4      | Found a glowing silver altar of Zin.
  5669 | D:4      | Noticed an angel
  5702 | D:5      | Entered Level 5 of the Dungeon
  6344 | D:5      | Noticed Blork the orc
  6350 | D:5      | Killed Blork the orc
  6351 | D:5      | Reached XP level 8. HP: 38/48 MP: 8/8
  6797 | D:5      | Reached skill level 5 in Fighting
  7196 | D:6      | Reached skill level 6 in Axes
  7196 | D:6      | Reached skill level 1 in Evocations
  7251 | D:6      | Found Hoam's Mayhem Merchandise.
  7259 | D:6      | Bought a +0 vorpal broad axe for 88 gold pieces
  7275 | D:6      | Identified the +5 trident of Dust {flame, rF+ Int+2 Dex-2}
  7421 | D:6      | Found a staircase to the Ecumenical Temple.
  7445 | Temple   | Entered the Ecumenical Temple
  7453 | Temple   | Became a worshipper of Warmaster Okawaru
  8217 | D:6      | Reached XP level 9. HP: 47/55 MP: 9/9
  8511 | D:6      | Reached skill level 7 in Axes
  9127 | D:7      | Reached * piety under Okawaru
  9180 | D:7      | Found a snail-covered altar of Cheibriados.
  9511 | D:8      | Slain by an orc warrior

Illustrated notes

Levels and vault maps discovered:
D:1:      lemuel_arrival_lava_pool, layout_loops_ring, serial_rivers,
          chequers_serial_rivers_small_b, chequers_serial_rivers_marsh,
          chequers_serial_rivers_small_a, chequers_serial_rivers_micro_e,
          st_stairs_11, eino_curves_02, roderic_lattice_a,
          roderic_cross_of_infinity, minmay_worlds_worst_comb
D:2:      layout_basic, shapermc_ecumenical_altar_petra, kennysheep_donut
D:3:      kennysheep_six_static_rooms, layout_basic,
          nicolae_ru_sacrificial_ziggurat, uniq_natasha, uniq_ijyb
D:4:      layout_cave_pools, grunt_temple_overflow_magic_moments,
          marbit_many_paths, grunt_gozag_statues,
          grunt_temple_overflow_order_and_chaos_2
D:5:      layout_loops_corners, lightli_corner_chamber, uniq_blork_the_orc
D:6:      layout_gridville, minmay_temple_entry_purple_smoke, minmay_shop_mayhem
D:7:      layout_cave_pools, kennysheep_slug_shrine
D:8:      layout_loops_ring, serial_shops, shop_fountains, uniq_grum,
          uniq_harold
Temple:   eino_wide_crystal_templ

Skill      XL: |  1  2  3  4  5  6  7  8  9 |
---------------+----------------------------+-----
Axes           | 2 3 4 5 6 7 |  7.2
Armour         | 4 5 6 |  6.3
Shields        | 4 5 6 |  6.4
Fighting       | 4 5 |  5.8
Evocations     | 2 3 |  3.0
Invocations    | |  0.3

Action                   |  1- 3 |  4- 6 |  7- 9 || total
-------------------------+-------+-------+-------++-------
Melee: War axe           |   121 |   232 |   236 ||   589
  Use: Scroll            |     2 |     9 |     3 ||    14
       Potion            |     1 |     3 |       ||     4
Armor: Scale mail        |    51 |       |       ||    51
       Chain mail        |    34 |   171 |   204 ||   409
Dodge: Dodged            |    52 |    67 |   109 ||   228
Block: Buckler           |    39 |   127 |   171 ||   337
       Reflection        |       |     1 |     8 ||     9

Table legend: (Time is in decaauts)
 A = Elapsed time spent in this place.
 B = Non-inter-level travel time spent in this place.
 C = Inter-level travel time spent in this place.
 D = Time resting spent in this place.
 E = Time spent auto-exploring this place.
 F = Levels seen in this place.
 G = Mean time per level.
                   A        B        C        D        E       F      G
               +--------+--------+--------+--------+--------+-----+--------+
         Total |   9712 |   9480 |    232 |   3405 |   4454 |   9 | 1079.1 |
       Dungeon |   9694 |   9462 |    232 |   3405 |   4453 |   8 | 1211.8 |
        Temple |     18 |     18 |      0 |      0 |      1 |   1 |   18.0 |
               +--------+--------+--------+--------+--------+-----+--------+

Top non-repeatable levels by time:
     D:3: 1978 daAuts
     D:1: 1883 daAuts
     D:6: 1717 daAuts
     D:5: 1502 daAuts
     D:4: 1325 daAuts
     D:2: 671 daAuts
     D:7: 576 daAuts
     D:8: 39 daAuts
  Temple: 18 daAuts
